 Dungeon Crawl Stone Soup version 0.31-a0-204-g7da18cac08 (webtiles) character file.

Game seed: 18219888928555487557

179 qw the Skirmisher (level 5, -1/29 HPs)
             Began as a Deep Elf Hunter on June 27, 2023.
             Succumbed to a scorpion's poison
             ... in an ossuary.
             The game lasted 00:00:35 (1182 turns).

qw the Skirmisher (Deep Elf Hunter)                 Turns: 1182, Time: 00:00:35

Health: -1/29      AC:  5    Str: 10    XL:     5   Next: 33%
Magic:  7/7        EV: 16    Int: 14    God:
Gold:   48         SH:  0    Dex: 18    Spells: 4/4 levels left

rFire   . . .        Y - +0 shortbow
rCold   . . .        (shield currently unavailable)
rNeg    . . .        i - +0 ring mail
rPois   .            (no helmet)
rElec   .            (no cloak)
rCorr   .            (no gloves)
SInv    .            (no boots)
Will    .....        (no amulet)
Stlth   +            j - +5 ring of evasion
HPRegen 0.24/turn    (no ring)
MPRegen 0.10/turn

%: no passive effects
@: lethally poisoned (-1 -> -7)
A: no striking features
a: no special abilities


You were in an ossuary.
You visited 1 branch of the dungeon, and saw 3 of its levels.
You also visited: Ossuary.

You collected 48 gold pieces.


   Skills:
 - Level 1.5 Fighting
 + Level 8.8 Ranged Weapons
 - Level 2.4 Dodging
 - Level 1.2 Stealth


You had 4 spell levels left.
You didn't know any spells.
Your spell library was empty.

Inventory:

Hand Weapons
 Y - a +0 shortbow (weapon)
Armour
 i - a +0 ring mail (worn)
Jewellery
 j - a +5 ring of evasion (left hand)
Scrolls
 k - a scroll of identify
Potions
 d - a potion of curing {unknown}
 f - 2 potions of enlightenment
 g - a potion of brilliance {unknown}

Dungeon Overview and Level Annotations

Branches:
Dungeon (4/15)            Ossuary (1/1)
 Temple: D:4-7

Altars:

Shops:
D:4 [


Message History

The scorpion barely misses you. The scorpion zombie barely misses you.
You shoot an arrow.
The arrow barely misses the scorpion zombie.
The scorpion closely misses you. The scorpion zombie closely misses you.
The scorpion closely misses you.
You shoot an arrow. The arrow hits the scorpion zombie.
The scorpion zombie is heavily damaged.
The scorpion zombie barely misses you. The scorpion stings you.
You are poisoned.
The scorpion poisons you!
You shoot an arrow. The arrow hits the scorpion zombie!
The scorpion zombie is almost destroyed.
You feel sick. The scorpion zombie barely misses you.
The scorpion completely misses you.
You shoot an arrow. The arrow hits the scorpion zombie.
You destroy the scorpion zombie!
You feel sick. The scorpion misses you.
You shoot an arrow.
The arrow hits the scorpion but does no damage.
You feel sick. The scorpion barely misses you. x2
You shoot an arrow. The arrow hits the scorpion.
The scorpion is moderately wounded.
You feel sick. The scorpion closely misses you.
You shoot an arrow.
The arrow hits the scorpion but does no damage.
The scorpion is moderately wounded.
You feel sick. The scorpion misses you.
You shoot an arrow. The arrow hits the scorpion.
The scorpion is moderately wounded.
You feel sick. The scorpion barely misses you. The scorpion stings you.
You shoot an arrow. The arrow hits the scorpion!
The scorpion is almost dead.
You feel sick.
You are no longer poisoned.
The scorpion stings you.
You are lethally poisoned!
The scorpion poisons you!
You shoot an arrow. The arrow hits the scorpion!
You kill the scorpion!
You die...

#...8...'...#
#...#...#...# #+##
########'#######'##
.....#.....#...#...#...#
.....#.....'...#...8...#
.....8.....#...#.......#
...........######8...8##
...........#??!#.......#
#8....@8###..?#...8...#
...........#..!#...#...#
...........##'###'######
.....8.....# ..#...#...#
.....#.....'. #.\.'.\.#
.....#.....#.. #...#...#
#### ###################


There were no monsters in sight!

Vanquished Creatures
  2 scorpions (Ossuary)
  3 scorpion zombies (Ossuary)
  A mummy (Ossuary)
  A dart slug (D:1)
  3 ball pythons (D:1)
  4 bats (D:1)
  2 endoplasms (D:1)
  3 giant cockroaches (D:1)
  2 gnoll zombies (Ossuary)
  3 goblins (D:1)
  2 hobgoblins (D:1)
  2 kobolds (D:1)
  A quokka (D:1)
  2 frilled lizards (D:1)
  2 goblin zombies (Ossuary)
  A hobgoblin zombie (Ossuary)
  2 kobold zombies (Ossuary)
  2 rats (D:1)
38 creatures vanquished.

Notes
Turn   | Place    | Note
-------+----------+-------------------------------------------
     0 | D:1      | qw the Deep Elf Hunter began the quest for the Orb.
     0 | D:1      | Reached XP level 1. HP: 12/12 MP: 3/3
     0 | D:1      | 0 ||| qw: Version: 0.3-a-22-g0ed2b0b
     0 | D:1      | 0 ||| qw: Game counter: 6500
     0 | D:1      | 0 ||| qw: Melee chars always use a shield: true
     0 | D:1      | 0 ||| qw: God list: Okawaru
     0 | D:1      | 0 ||| qw: Allow faded altars: false
     0 | D:1      | 0 ||| qw: Do Orc after clearing Dungeon:15 true
     0 | D:1      | 0 ||| qw: Do second Lair branch before Depths: true
     0 | D:1      | 0 ||| qw: Lair rune preference: random
     0 | D:1      | 0 ||| qw: Goals: Normal
     0 | D:1      | 0 ||| PLANNING D:1-11
    96 | D:1      | Reached skill level 6 in Ranged Weapons
    96 | D:1      | Reached XP level 2. HP: 16/16 MP: 4/4
   453 | D:1      | Found a faded altar of an unknown god.
   743 | D:1      | Reached XP level 3. HP: 20/20 MP: 5/5
   853 | D:1      | 853 ||| UPGRADING to +0 ring mail.
   863 | D:1      | 863 ||| DROPPING +0 leather armour.
   864 | D:1      | 864 ||| UPGRADING to +5 ring of evasion.
   865 | D:1      | 865 ||| READING scroll labelled HYRIAK KOYTIDEGUJ.
   866 | D:1      | 866 ||| READING scroll labelled YWIZIEDWAL.
   867 | D:1      | 867 ||| READING 2 scrolls labelled XOLUHI FUHEG.
   868 | D:1      | 868 ||| READING 2 scrolls labelled NIDER PUREHA.
   869 | D:1      | 869 ||| DRINKING 3 fizzy dark potions.
   870 | D:1      | 870 ||| DROPPING scroll of butterflies.
   871 | D:1      | 871 ||| DROPPING scroll of immolation.
   908 | D:2      | You fall into a shaft and drop 2 floors!
   908 | D:4      | Found a sand-covered staircase.
   909 | D:4      | 909 ||| PLANNING OSSUARY
   912 | D:4      | Found Laecw's Antique Armour Boutique.
   918 | D:4      | 918 ||| SHOPLISTING pair of glowing gloves (187 gold, have
                  | 48).
   918 | D:4      | 918 ||| SHOPLISTING pair of runed boots (187 gold, have
                  | 48).
   918 | D:4      | 918 ||| SHOPLISTING runed scale mail (175 gold, have 48).
   929 | Ossuary  | Entered an ossuary
   993 | Ossuary  | Reached skill level 7 in Ranged Weapons
  1001 | Ossuary  | Reached XP level 4. HP: 15/25 MP: 6/6
  1041 | Ossuary  | Noticed a scorpion
  1059 | Ossuary  | Killed a scorpion
  1060 | Ossuary  | Reached skill level 8 in Ranged Weapons
  1060 | Ossuary  | Reached XP level 5. HP: 9/29 MP: 7/7
  1065 | Ossuary  | 1065 ||| FLEEEEING.
  1181 | Ossuary  | HP: 7/29 [poisoned by a scorpion]
  1181 | Ossuary  | HP: 1/29 [scorpion (6)]
  1182 | Ossuary  | Succumbed to a scorpion's poison

Levels and vault maps discovered:
D:1:      lightli_arrival_lavapool, layout_basic,
          shapermc_ecumenical_altar_mp_ritualfount
D:2:      cheibrodos_fertilizer, layout_basic, uniq_terence, uniq_sigmund
D:4:      nicolae_cairo_tiling_large_dashed, layout_basic,
          general_overflow_altar, lemuel_tele_altar,
          nicolae_ossuary_entry_false_entrances, serial_shops, shop,
          nrook_campfire
Ossuary:  ossuary_minmay_scorpions

Skill      XL: |  1  2  3  4 |
---------------+-------------+-----
Ranged Weapons | 6 7 8 |  8.8
Fighting       | |  1.5
Dodging        | |  2.4
Stealth        | |  1.2

Action                     |  1- 3 |  4- 6 || total
---------------------------+-------+-------++-------
   Fire: Shortbow          |    84 |    43 ||   127
    Use: Scroll            |     4 |       ||     4
         Potion            |     1 |       ||     1
 Armour: Leather armour    |     1 |       ||     1
         Ring mail         |     7 |     2 ||     9
  Dodge: Dodged            |    25 |    30 ||    55

Table legend:
 A = Non-vault XP
 B = Vault XP
 C = Vault XP percentage of total XP
 D = Non-vault monster count
 E = Vault monster count
 F = Vault count percentage of total count
                 A         B        C        D         E       F
            +---------+---------+-------+---------+---------+-------
      Total |      45 |     300 |  87.0 |      25 |      13 |  34.2
            +---------+---------+-------+---------+---------+-------
        D:1 |      45 |       0 |   0.0 |      25 |       0 |   0.0
    Ossuary |       0 |     300 | 100.0 |       0 |      13 | 100.0
            +---------+---------+-------+---------+---------+-------
